 Dungeon Crawl Stone Soup version 0.19.1-1-g22dce08 (webtiles) character file.

1008 N00B the Quickloader (level 8, -5/58 HPs)
             Began as a Demonspawn Hunter on Jan 7, 2017.
             Shot with an arrow by a centaur (6 damage)
             ... on level 5 of the Dungeon.
             The game lasted 00:05:36 (5106 turns).

N00B the Quickloader (Demonspawn Hunter)            Turns: 5106, Time: 00:05:37

Health: -5/58      AC:  5    Str: 12    XL:     8   Next: 1%
Magic:  8/8        EV: 15    Int: 13    God:
Gold:   308        SH:  0    Dex: 16    Spells: 0 memorised, 7 levels left

rFire  . . .     SeeInvis .     a - +1 hand crossbow
rCold  . . .     Gourm    .     c - +0 leather armour
rNeg   . . .     Faith    .     (no shield)
rPois  .         Spirit   .     g - +0 helmet
rElec  .         Reflect  .     t - +0 cloak
rCorr  .         Harm     .     (no gloves)
MR     .....                    (no boots)
Stlth  +++.......               (no amulet)
                                f - ring of stealth
                                n - ring of flight

@: no status effects
A: talons 2, repulsion field 2, spiny 1
a: Evoke Flight


You were on level 5 of the Dungeon.
You were not hungry.

You visited 1 branch of the dungeon, and saw 5 of its levels.
You also visited: Sewer.

You collected 308 gold pieces.

Inventory:

Hand Weapons
 a - a +1 hand crossbow (weapon)
 b - a +0 short sword
 h - a +2 quarterstaff of speed
Missiles
 d - 58 bolts (quivered)
Armour
 c - a +0 leather armour (worn)
 g - a +0 helmet (worn)
 t - a +0 cloak (worn)
Jewellery
 f - a ring of stealth (right hand)
 n - a ring of flight (left hand)
Scrolls
 j - 2 scrolls of fog {unknown}
 k - 2 scrolls of recharging {unknown}
 m - a scroll of remove curse {unknown}
 p - a scroll of random uselessness {unknown}
 q - a scroll of teleportation {unknown}
 u - a scroll of enchant armour {unknown}
Potions
 e - 3 potions of brilliance
 o - 2 potions of degeneration
 s - a potion of agility {unknown}
 v - a potion of cancellation {unknown}
Comestibles
 i - 7 fruits
 l - 2 royal jellies
 r - a bread ration


   Skills:
 + Level 3.5 Fighting
 * Level 8.3 Crossbows
 + Level 1.8 Armour
 + Level 2.5 Dodging
 - Level 0.8 Stealth


You had 7 spell levels left.
You didn't know any spells.

Dungeon Overview and Level Annotations

Branches:
Dungeon (5/15)
 Temple: D:4-7

Altars:
Ashenzari
Fedhas
Hepliaklqana
Uskayaw
Xom


Innate Abilities, Weirdness & Mutations

You have razor-sharp toenails.
You are surrounded by a moderate repulsion field. (EV +3)
You are partially covered in sharp spines.


Message History

A centaur is nearby!
A centaur is nearby!
The centaur shouts!
Unknown command.
The centaur wields a shortbow.
The centaur shoots an arrow.
The arrow hits you.
The centaur shoots an arrow.
The arrow hits you!
The centaur shoots an arrow.
The arrow hits you!!
The centaur shoots an arrow.
The arrow misses you.
The centaur shoots an arrow.
The arrow closely misses you.
The centaur shoots an arrow.
The arrow barely misses you.
The centaur shoots an arrow.
The arrow hits you!
* * * LOW HITPOINT WARNING * * *
The centaur shoots an arrow.
The arrow barely misses you.
The centaur shoots an arrow.
The arrow barely misses you.
The centaur shoots an arrow.
The arrow hits you.
* * * LOW HITPOINT WARNING * * *
The centaur shoots an arrow.
The arrow hits you!
* * * LOW HITPOINT WARNING * * *
The centaur shoots an arrow.
The arrow hits you.
You die... ###.#.PP.≈≈≈≈≈≈≈ #...#.P...≈≈≈≈≈≈ #.###PP...P≈≈≈≈≈ #.# #♣PPPPP.P.P.

.######.##
#.#PPP#P##.
.........##PP♣PPP#PPP
..........##PPPPPP


P#P ..#####.###♣♣PP#P♣P P #@# #....c... ######### You could see a centaur.

Vanquished Creatures
  A phantom (D:5)
  3 ogres (D:4)
  A big kobold (D:4)
  2 bullfrogs (Sewer)
  2 scorpions (D:5)
  A centaur skeleton (D:4)
  2 orc wizards (D:4)
  Terence (D:2)
  2 worker ants
  Robin (D:2)
  4 adders
  4 gnolls (D:4)
  A river rat (D:3)
  2 oozes
  A worm (D:2)
  2 dart slugs
  4 leopard geckos
  5 orcs
  6 bats
  13 giant cockroaches
  16 goblins
  12 hobgoblins
  6 jackals
  3 kobolds
  3 quokkas
  2 ball pythons (Sewer)
  14 frilled lizards
  6 rats
120 creatures vanquished.

Notes
Turn   | Place    | Note
-------+----------+-------------------------------------------
     0 | D:1      | N00B the Demonspawn Hunter began the quest for the Orb.
     0 | D:1      | Reached XP level 1. HP: 16/16 MP: 1/1
    63 | D:1      | Reached skill level 4 in Crossbows
    63 | D:1      | Gained mutation: You are surrounded by a mild repulsion field. (EV +2) [demonic ancestry]
    63 | D:1      | Reached XP level 2. HP: 22/22 MP: 2/2
   533 | D:1      | Gained mutation: You are surrounded by a moderate repulsion field. (EV +3) [demonic ancestry]
   533 | D:1      | Reached XP level 3. HP: 27/27 MP: 3/3
   880 | D:2      | Noticed Robin
   887 | D:2      | Killed Robin
  1026 | D:2      | Reached XP level 4. HP: 33/33 MP: 4/4
  1036 | D:2      | Reached skill level 5 in Crossbows
  1039 | D:2      | Noticed Terence
  1056 | D:2      | Killed Terence
  1629 | D:3      | Found a glowing drain.
  1632 | D:3      | Gained mutation: You have sharp toenails. [demonic ancestry]
  1632 | D:3      | Reached XP level 5. HP: 39/39 MP: 5/5
  1668 | D:3      | Found a shattered altar of Ashenzari.
  1681 | Sewer    | Entered a sewer
  1937 | Sewer    | Reached skill level 6 in Crossbows
  1937 | Sewer    | Reached skill level 1 in Armour
  2047 | Sewer    | Reached XP level 6. HP: 27/46 MP: 6/6
  3758 | D:4      | HP: 1/46 [ogre/giant club (19)]
  3765 | D:4      | Reached skill level 7 in Crossbows
  3968 | D:4      | Gained mutation: You have razor-sharp toenails. [demonic ancestry]
  3968 | D:4      | Reached XP level 7. HP: 46/52 MP: 7/7
  4509 | D:4      | Found a shimmering altar of Xom.
  4510 | D:4      | Found a hazy altar of Hepliaklqana.
  4510 | D:4      | Noticed a hell beast
  4511 | D:4      | Noticed a spectral ugly thing
  4511 | D:4      | Noticed a hell beast
  4916 | D:5      | Entered Level 5 of the Dungeon
  4920 | D:5      | Reached skill level 8 in Crossbows
  5004 | D:5      | Gained mutation: You are partially covered in sharp spines. [demonic ancestry]
  5004 | D:5      | Reached XP level 8. HP: 58/58 MP: 8/8
  5021 | D:5      | Found a hide-covered altar of Uskayaw.
  5077 | D:5      | Found a blossoming altar of Fedhas.
  5106 | D:5      | HP: 1/58 [centaur/arrow (9)]
  5106 | D:5      | Shot with an arrow by a centaur

Skill      XL: |  1  2  3  4  5  6  7 |
---------------+----------------------+-----
Crossbows      | 4 5 6 7 8 |  8.3
Armour         | 1 |  1.8
Dodging        | 2 |  2.5
Fighting       | 3 |  3.5
Stealth        | |  0.8

Action                   |  1- 3 |  4- 6 |  7- 9 || total
-------------------------+-------+-------+-------++-------
 Fire: Hand crossbow     |    93 |   181 |    95 ||   369
  Use: Scroll            |       |     4 |       ||     4
       Potion            |       |     3 |       ||     3
  Eat: Bread ration      |       |     2 |     1 ||     3
       Fruit             |       |     1 |       ||     1
       Pizza             |       |       |     1 ||     1
Armor: Leather armour    |     4 |    22 |     4 ||    30
Dodge: Dodged            |    22 |    63 |    32 ||   117
